 Dungeon Crawl Stone Soup version 0.29.1-13-g9f3cf754e1 (webtiles) character file.

Game seed: 12356044879802965855

2 DemonSlayer the Digger (level 1, 0/13 HPs)
             Began as a Demonspawn Earth Elementalist on Jan 21, 2023.
             Slain by a giant cockroach (2 damage)
             ... on level 1 of the Dungeon.
             The game lasted 00:00:21 (48 turns).

DemonSlayer the Digger (DsEE)                         Turns: 48, Time: 00:00:22

Health: 0/13       AC:  2    Str:  8    XL:     1   Next: 25%
Magic:  3/3        EV: 12    Int: 16    God:
Gold:   0          SH:  0    Dex: 13    Spells: 3/4 levels left

rFire   . . .      SeeInvis .   d - +2 dagger (venom)
rCold   . . .      Faith    .   (no shield)
rNeg    . . .      Spirit   .   a - +0 robe
rPois   .          Reflect  .   (no helmet)
rElec   .          Harm     .   (no cloak)
rCorr   .          Rampage  .   (no gloves)
Will    .....                   (no boots)
Stlth   ++........              (no amulet)
HPRegen 0.04/turn               (no ring)
MPRegen 0.08/turn               (no ring)

@: no status effects
A: no striking features
a: no special abilities


You were on level 1 of the Dungeon.
You visited 1 branch of the dungeon, and saw 1 of its levels.

Inventory:

Hand Weapons
 d - a +2 dagger of venom (weapon)
Armour
 a - a +0 robe (worn)
Scrolls
 c - 2 scrolls of teleportation {unknown}


   Skills:
 + Level 1.9 Dodging
 + Level 1.7 Stealth
 + Level 2.0 Spellcasting
 + Level 0.8 Transmutations
 + Level 2.6 Earth Magic


You had 3 spell levels left.
You knew the following spells:

 Your Spells              Type           Power      Damage    Failure   Level
a - Sandblast             Erth           20%        2d7       7%          1

Your spell library contained the following spells:

 Spells                   Type           Power      Damage    Failure   Level
 Passwall                 Tmut/Erth      5%         N/A       16%         2
 Stone Arrow              Conj/Erth      10%        3d7       34%         3
 Petrify                  Tmut/Erth      7%         N/A       69%         4


Dungeon Overview and Level Annotations

Branches:
Dungeon (1/15)

Altars:


Message History

a +2 dagger of venom; a goblin corpse
d - a +2 dagger of venom Your +2 dagger of venom begins to drip with poison!
d - a +2 dagger of venom (weapon)
Setting a skill training target for Short Blades at 10.0.
Magic restored.
c - 2 scrolls labelled XYFYIR WIARELI (gained 1)
Found 4 stones.
A rat and a hobgoblin come into view.
Found 9 gold pieces.
There are monsters nearby!
There are monsters nearby!
There are monsters nearby!
There are monsters nearby!
The hobgoblin shouts!
A giant cockroach comes into view.
You see here 4 stones.
Found 14 gold pieces.
You hit the hobgoblin but do no damage. The hobgoblin closely misses you.
The blast of sand misses the hobgoblin.
The hobgoblin hits you.
The blast of sand hits the rat!
You kill the rat!
A giant cockroach comes into view.
The giant cockroach waves its antennae.
The giant cockroach bites you but does no damage.
The hobgoblin barely misses you. The giant cockroach bites you.
The hobgoblin barely misses you.
Casting: Sandblast (safe; 7% risk of failure)
Confirm with . or Enter, or press ? or * to list all spells.
Aiming: Sandblast (safe; 7% risk of failure)
Press: ? - help, Shift-Dir - straight line, f - hobgoblin
Aim: a hobgoblin (82% to hit)
The blast of sand hits the hobgoblin.
The hobgoblin is severely wounded.
The giant cockroach bites you. The hobgoblin hits you.
The giant cockroach bites you but does no damage.
Magic courses through your body. The hobgoblin hits you.
* * * LOW HITPOINT WARNING * * *
The giant cockroach bites you.
You die...

###############
#####.............###
###.......#######......
##......###.....†.###...
#....###.............###
#...#......#######......
#..B.(### ###..<.
#..B@## ##... #...g#
##... #..... #....
..#..... #...... #.$
.###..$ .....### ## ..
###. ..###... ## ## ##
.... ...### ##


You could see 2 giant cockroaches and a hobgoblin.

Vanquished Creatures
  A goblin (D:1)
  A rat (D:1)
2 creatures vanquished.

Notes
Turn   | Place    | Note
-------+----------+-------------------------------------------
     0 | D:1      | DemonSlayer the Demonspawn Earth Elementalist began the
                  | quest for the Orb.
     0 | D:1      | Reached XP level 1. HP: 13/13 MP: 3/3
    48 | D:1      | Slain by a giant cockroach

Illustrated notes

Levels and vault maps discovered:
D:1:      dpeg_arrival_oval, layout_basic

Action                   || total
-------------------------++-------
Melee: Dagger            ||     1
 Cast: Sandblast         ||     4
  Use: Potion            ||     1
Armor: Robe              ||     2
Dodge: Dodged            ||     3
